 Dungeon Crawl Stone Soup version 0.20.1-1-g8b1a95d (webtiles) character file.

780 Folque the Conjurer (level 7, -7/46 HPs)
             Began as an Octopode Wizard on Oct 31, 2017.
             Was a Follower of Sif Muna.
             Killed by divine providence
             ... invoked by an orc priest
              (11 damage)
             ... on level 6 of the Dungeon.
             The game lasted 00:31:24 (5214 turns).

Folque the Conjurer (Octopode Wizard)               Turns: 5214, Time: 00:31:24

Health: -7/46      AC:  1    Str:  6    XL:     7   Next: 85%
Magic:  6/13       EV: 13    Int: 22    God:    Sif Muna [*.....]
Gold:   260        SH:  0    Dex: 11    Spells: 6/14 levels left

rFire    . . .     SeeInvis .   w - +0 spear
rCold    . . .     Gourm    +   (no shield)
rNeg     . . .     Faith    .   a - +0 hat
rPois    .         Spirit   .   v - amulet of the gourmand
rElec    .         Reflect  .   (no ring)
rCorr    .         Harm     .   (no ring)
MR       .....                  (no ring)
Stlth    +++.......             (no ring)
Regen    0.2/turn               (no ring)
MPRegen  0.2/turn               (no ring)
                                (no ring)
                                (no ring)

@: no status effects
A: almost no armour, stealthy swim, amphibious, 8 rings, constrict 8, camouflage
1, gelatinous body 1
a: Divine Energy, Renounce Religion


You were on level 6 of the Dungeon.
You worshipped Sif Muna.
Sif Muna was aware of your devotion.
You were not hungry.

You visited 1 branch of the dungeon, and saw 6 of its levels.

You collected 260 gold pieces.

Inventory:

Hand Weapons
 j - a +0 dagger
 w - a +0 spear (weapon)
Missiles
 g - a throwing net (quivered)
 n - 8 javelins
 s - 5 tomahawks of dispersal
Armour
 a - a +0 hat (worn)
Jewellery
 f - a +2 ring of strength {unknown}
 v - an amulet of the gourmand (around mantle)
Scrolls
 e - 3 scrolls of identify
 i - 2 scrolls of amnesia
 k - a scroll of fog
 m - 5 scrolls of remove curse
 q - 2 scrolls of recharging
 y - a scroll of enchant weapon {unknown}
Potions
 l - a potion of heal wounds {unknown}
 p - a potion of agility {unknown}
 r - a potion of brilliance {unknown}
 z - 3 potions of magic {unknown}
Books
 b - a book of Minor Magic

   Spells                             Type                      Level
   a - Magic Dart                     Conjuration                  1
   b - Blink                          Translocation                2
   c - Call Imp                       Summoning                    2
   d - Slow                           Hexes                        2
   e - Conjure Flame                  Conjuration/Fire             3
   f - Mephitic Cloud                 Conjuration/Poison/Air       3
Comestibles
 c - 4 bread rations
 u - 3 meat rations
 A - 2 royal jellies
 C - 3 fruits


   Skills:
 - Level 3.0 Fighting
 - Level 2.0 Dodging
 - Level 2.6 Stealth
 - Level 4.0 Spellcasting
 * Level 5.9 Conjurations
 - Level 2.0 Summonings
 - Level 1.0 Translocations
 - Level 4.1 Poison Magic


You had 6 spell levels left.
You knew the following spells:

 Your Spells              Type           Power        Failure   Level  Hunger
a - Magic Dart            Conj           ####         1%          1    None
b - Call Imp              Summ           ##......     8%          2    #......
c - Blink                 Tloc           N/A          11%         2    #......
d - Mephitic Cloud        Conj/Pois/Air  ###.....     9%          3    ###....


Dungeon Overview and Level Annotations

Branches:
Dungeon (6/15)
 Temple: D:4-7

Altars:
Ashenzari
Elyvilon
Nemelex Xobeh
Okawaru
Qazlal
Sif Muna

Shops:
D:6 (


Innate Abilities, Weirdness & Mutations

You cannot wear most types of armour.
You are very stealthy in the water. (Stealth+)
You are amphibious.
You can wear up to eight rings at the same time.
You can use your tentacles to constrict eight enemies at once.
Your skin changes colour to match your surroundings (Stealth+).
Your rubbery body absorbs attacks. (AC +1, EV +1)


Message History

You constrict the bullfrog.
You kill the bullfrog!
Sif Muna accepts your kill.
The bullfrog barely misses your crimson imp.
Your crimson imp blinks!
The bullfrog barely misses your crimson imp.
What are your orders? t - Shout!
Orders for allies: a - Attack new target. r - Retreat! s - Stop attacking. g - Guard the area. f - Follow me.
Anything else - Cancel.
Gang up on whom?
Press: ? - help, Dir - move target cursor, f - orc warrior
Aim: an orc warrior, wielding a trident and wearing a chain mail Attack!
The bullfrog completely misses your crimson imp.
The orc priest calls down the wrath of Beogh upon you.
Beogh smites you!
You die...

*,**,* *,,,,,
*.#*,* *,***,
*.#*,* ***,***,
*.#*,* *,,,,,,,
*.#*,* *,,,,,,,
*5#*,*******,****
*5#*,,,,,,,,,,,,,
##ยง######,,,,,,,,*
#@.5Fooo.,,,,>,,,+
#########,,,,,,,,*
*,,,,,,,,*
*,,,,,,,,*
*,,,,,,,,*
*,,,,,,,,*
****,,,,,* *******


You could see an orc warrior, a bullfrog, 2 orc priests and 3 friendly crimson
imps.

Vanquished Creatures
  3 phantoms
  An ice beast (D:6)
  A bullfrog (D:6)
  A howler monkey (D:5)
  A hound (D:4)
  An iguana (D:4)
  5 adders
  2 oozes (D:5)
  A worm (D:2)
  A dart slug (D:1)
  2 leopard geckos
  7 orcs
  7 bats
  17 giant cockroaches
  9 goblins
  7 hobgoblins
  A jackal (D:1)
  6 kobolds
  2 quokkas
  6 frilled lizards
  4 rats
85 creatures vanquished.

Vanquished Creatures (collateral kills)
  An ice beast (D:5)
  An ogre (D:6)
  A centaur (D:5)
  A scorpion (D:4)
  3 worker ants
  3 adders
  An adder zombie (D:6)
  2 worms
  A dart slug (D:1)
  5 orcs
  4 giant cockroaches
  2 goblins
  4 jackals
  A kobold (D:6)
  A bat (D:2)
31 creatures vanquished.

Grand Total: 116 creatures vanquished

Notes
Turn   | Place    | Note
-------+----------+-------------------------------------------
     0 | D:1      | Folque the Octopode Wizard began the quest for the Orb.
     0 | D:1      | Reached XP level 1. HP: 11/11 MP: 4/4
   206 | D:1      | Reached skill level 1 in Fighting
   245 | D:1      | Reached XP level 2. HP: 18/18 MP: 6/6
   249 | D:1      | Learned a level 2 spell: Call Imp
   252 | D:1      | Learned a level 2 spell: Blink
   833 | D:1      | Reached XP level 3. HP: 24/24 MP: 7/7
   838 | D:1      | Learned a level 3 spell: Mephitic Cloud
  1401 | D:2      | Reached XP level 4. HP: 30/30 MP: 4/9
  1806 | D:2      | Found a sparkling altar of Nemelex Xobeh.
  1899 | D:3      | Reached skill level 1 in Poison Magic
  2372 | D:3      | Reached XP level 5. HP: 27/36 MP: 10/10
  2652 | D:4      | Found a deep blue altar of Sif Muna.
  2667 | D:4      | Found a shattered altar of Ashenzari.
  2670 | D:4      | Found an iron altar of Okawaru.
  2671 | D:4      | Found a stormy altar of Qazlal.
  2671 | D:4      | Found a white marble altar of Elyvilon.
  2747 | D:4      | Noticed a phantom
  2799 | D:4      | Killed a phantom
  2907 | D:4      | Noticed a phantom
  2965 | D:4      | Killed a phantom
  2965 | D:4      | Reached skill level 2 in Conjurations
  2965 | D:4      | Reached XP level 6. HP: 31/42 MP: 4/12
  3429 | D:4      | Reached skill level 3 in Conjurations
  3579 | D:4      | Became a worshipper of Sif Muna the Loreminder
  3602 | D:5      | Entered Level 5 of the Dungeon
  3836 | D:5      | Noticed a phantom
  3917 | D:5      | Killed a phantom
  3917 | D:5      | Reached skill level 4 in Conjurations
  3917 | D:5      | Reached XP level 7. HP: 22/46 MP: 0/13
  4579 | D:5      | Reached skill level 5 in Conjurations
  4902 | D:6      | Found Doigan's Antique Weapon Boutique.
  4944 | D:6      | Reached * piety under Sif Muna
  5214 | D:6      | Killed from afar by an orc priest

Skill      XL: |  1  2  3  4  5  6  7 |
---------------+----------------------+-----
Fighting       | 1 2 3 |  3.0
Poison Magic   | 2 4 |  4.1
Spellcasting   | 4 |  4.0
Conjurations   | 2 4 5 |  5.9
Summonings     | 2 |  2.0
Dodging        | |  2.0
Stealth        | |  2.6
Translocations | |  1.0

Action                   |  1- 3 |  4- 6 |  7- 9 || total
-------------------------+-------+-------+-------++-------
Melee: Unarmed           |    16 |       |       ||    16
       Tentacles         |    12 |    15 |     4 ||    31
       Club              |    10 |       |       ||    10
       Constrict         |    16 |    28 |     9 ||    53
       Dagger            |    53 |   112 |       ||   165
       Whip              |     2 |       |       ||     2
       Spear             |       |    72 |    54 ||   126
Throw: Throwing net      |       |       |     1 ||     1
 Cast: Magic Dart        |    18 |    19 |     7 ||    44
       Call Imp          |     6 |    35 |    27 ||    68
       Blink             |       |     1 |     3 ||     4
       Mephitic Cloud    |       |       |     3 ||     3
  Use: Scroll            |       |     1 |     9 ||    10
       Potion            |       |     1 |     1 ||     2
 Stab: Sleeping          |     7 |    13 |     3 ||    23
       Distracted        |       |     4 |       ||     4
       Confused          |       |       |     1 ||     1
  Eat: Chunk             |     2 |     8 |     7 ||    17
Armor: Skin              |     6 |     8 |     1 ||    15
Dodge: Dodged            |    54 |    90 |    31 ||   175
